Map: Emerald City LE

Players

SLicKcHeeZEE - Winner!

  • Race: Zerg Zerg

A.I. 1 (Very Hard)

  • Race: Terran Terran

VOD

Have the link to the VOD?

Description

Time

  • Played on: Sept. 2, 2026, 4:56 a.m.
  • Length: 15:07
Show
View Real Time Build Order
Export as new Build Order

SLicKcHeeZEE Zerg - Winner!

Build Orders: Hatch First, Roach Hydra 

Get SALT Encoding   

  6  0:00  Drone  
  9  0:11  Drone  
  10  0:16  Drone  
  11  0:27  Overlord  
  11  0:34  Drone  
  12  0:46  Drone x2  
  14  0:51  Drone  
  15  1:14  Hatchery  
  15  1:17  Drone  
  15  1:21  Drone  
  16  1:36  Spawning Pool  
  16  1:39  Extractor  
  14  1:42  Drone  
  14  1:46  Drone  
  16  1:50  Drone  
  16  1:53  Drone  
  18  2:03  Overlord  
  18  2:12  Drone  
  19  2:22  Queen  
  19  2:29  Queen  
  23  2:35  Drone  
  24  2:38  Drone  
  25  2:44  Overlord  
  25  2:47  Drone  
  25  2:50  Drone  
  27  2:54  Drone  
  27  2:57  Drone  
  29  3:01  Drone  
  30  3:10  Lair  
  30  3:17  Roach Warren  
  29  3:20  Extractor  
  29  3:21  Drone  
  29  3:23  Drone  
  30  3:27  Overlord  
  30  3:32  Drone  
  30  3:33  Drone  
  32  3:36  Drone  
  32  3:41  Drone x2  
  34  3:43  Drone  
  34  3:45  Drone  
  34  3:48  Drone  
  38  3:50  Drone  
  38  3:53  Drone  
  40  3:57  Drone  
  40  4:00  Drone  
  42  4:03  Overlord  
  42  4:14  Hydralisk Den  
  41  4:25  Drone x2, Extractor  
  41  4:28  Hatchery  
  41  4:29  Drone  
  41  4:30  Overlord  
  42  4:33  Roach x2  
  42  4:34  Roach  
  42  4:37  Roach  
  50  4:43  Drone x3  
  53  4:50  Evolution Chamber  
  52  4:54  Evolution Chamber, Drone  
  52  4:58  Grooved Spines  
  52  5:01  Glial Reconstitution  
  52  5:05  Queen  
  54  5:11  Extractor  
  53  5:15  Hydralisk x2  
  53  5:17  Hydralisk  
  53  5:18  Hydralisk  
  53  5:20  Overlord  
  61  5:28  Zerg Ground Armor Level 1  
  61  5:31  Zerg Missile Weapons Level 1  
  61  5:53  Roach x3, Hydralisk x2  
  61  5:55  Roach  
  73  5:58  Drone x3  
  76  6:07  Muscular Augments  
  76  6:14  Extractor  
  75  6:32  Overlord x2  
  75  6:33  Overlord  
  75  6:45  Drone  
  76  6:52  Drone  
  76  6:53  Drone  
  78  6:55  Roach x2, Hydralisk  
  78  6:56  Roach  
  86  7:27  Hatchery  
  86  7:28  Queen  
  87  7:37  Overlord x3  
  87  7:43  Zerg Ground Armor Level 2  
  87  7:44  Zerg Missile Weapons Level 2  
  87  7:48  Drone  
  88  7:58  Overlord x2  
  88  8:10  Roach x3, Hydralisk x2  
  88  8:11  Hydralisk x2, Roach x2  
  88  8:12  Roach x3, Hydralisk x2  
  114  8:13  Roach x3  
  114  8:14  Roach  
  114  8:15  Overlord x2  
  114  8:18  Roach x3, Hydralisk  
  132  8:59  Drone x3  
  132  9:01  Overlord x2  
  135  9:16  Infestation Pit  
  134  9:21  Extractor  
  133  9:34  Roach x3, Hydralisk x2  
  133  9:35  Roach x3, Hydralisk x2  
  133  9:36  Hydralisk x2, Roach x2  
  133  9:37  Roach x4, Hydralisk x3  
  115  10:09  Hydralisk x2, Roach x2  
  115  10:10  Hydralisk x2, Roach x3  
  115  10:11  Roach x3  
  139  10:18  Overlord x2  
  91  11:47  Hydralisk x3, Roach x3  
  91  11:48  Hydralisk x3, Roach x3  
  91  11:49  Roach x5, Hydralisk x2  
  91  11:50  Roach x4, Hydralisk x3  
  91  11:51  Hydralisk, Roach x3  
  113  12:58  Drone  
  113  12:59  Drone x2  
  100  13:36  Roach x3, Hydralisk  
  100  13:37  Hydralisk x2  
  100  13:38  Hydralisk x3  
  100  13:39  Hydralisk x13  
Show
View Real Time Build Order
Export as new Build Order

A.I. 1 (Very Hard) Terran 

Build Orders:  

Get SALT Encoding   

  6  0:00  SCV  
  9  0:13  SCV  
  10  0:25  SCV  
  11  0:37  SCV  
  12  0:46  Supply Depot  
  12  0:49  SCV  
  13  1:07  SCV  
  14  1:12  Barracks  
  14  1:19  SCV  
  15  1:31  SCV  
  16  1:44  SCV  
  17  1:54  Supply Depot  
  17  1:56  SCV  
  17  1:58  Marine  
  17  2:01  Refinery  
  19  2:08  SCV  
  20  2:16  Marine  
  20  2:20  SCV  
  20  2:22  Barracks  
  22  2:30  Refinery  
  22  2:32  SCV  
  22  2:34  Marine  
  24  2:44  SCV  
  24  2:46  Supply Depot  
  25  2:51  Marine  
  25  2:56  SCV  
  27  3:08  SCV  
  27  3:09  Marine  
  27  3:10  Factory  
  29  3:16  Marine  
  30  3:20  SCV  
  31  3:27  Marine  
  31  3:32  SCV  
  33  3:34  Marine  
  34  3:45  SCV, Marine  
  36  3:57  SCV  
  36  3:58  Supply Depot  
  37  4:11  Factory Tech Lab  
  37  4:19  Marine x2, SCV  
  37  4:22  Starport  
  40  4:31  SCV  
  40  4:37  Marine x2  
  43  4:44  SCV  
  44  4:53  Barracks  
  44  4:56  SCV  
  44  4:57  Supply Depot  
  45  5:17  Barracks Tech Lab  
  45  5:18  Barracks Reactor, SCV, Siege Tank  
  49  5:23  Command Center  
  49  5:30  SCV  
  49  5:35  Marine  
  50  5:38  Stimpack  
  50  5:42  Supply Depot, Barracks Tech Lab  
  51  5:43  Orbital Command  
  51  5:54  Marauder  
  53  6:03  Combat Shield, Siege Tank  
  53  6:04  Marauder  
  58  6:08  Supply Depot  
  58  6:15  Marauder  
  60  6:30  Marauder, Engineering Bay  
  62  6:33  Supply Depot  
  62  6:35  Siege Tank  
  62  6:36  Marauder  
  62  6:38  SCV  
  68  6:40  SCV  
  69  6:50  SCV  
  69  6:51  Marauder  
  69  6:52  SCV  
  73  6:58  Marauder, Terran Infantry Weapons Level 1  
  75  7:02  SCV  
  75  7:04  SCV  
  75  7:08  Siege Tank  
  80  7:10  Supply Depot  
  80  7:12  Marauder  
  80  7:14  SCV  
  83  7:16  SCV  
  83  7:18  Concussive Shells  
  83  7:19  Marauder  
  86  7:26  SCV  
  86  7:29  SCV  
  88  7:34  Marauder  
  88  7:35  Engineering Bay  
  90  7:38  Supply Depot  
  90  7:39  SCV  
  90  7:41  SCV  
  92  7:48  Missile Turret  
  92  7:51  SCV  
  93  7:52  Missile Turret  
  93  7:54  Orbital Command  
  93  7:56  Barracks  
  93  7:57  Starport Reactor  
  93  8:00  Terran Infantry Armor Level 1  
  93  8:05  Supply Depot  
  93  8:06  Marine  
  93  8:07  Marine  
  93  8:11  Marauder  
  97  8:14  Marauder  
  99  8:26  Refinery  
  102  8:27  Siege Tank  
  102  8:28  Missile Turret  
  102  8:30  Supply Depot  
  102  8:33  Medivac  
  104  8:37  Refinery  
  104  8:46  Medivac  
  104  8:47  Missile Turret  
  106  8:50  Command Center  
  106  8:59  SCV  
  106  9:00  SCV  
  106  9:01  Supply Depot  
  106  9:02  Siege Tank  
  111  9:12  SCV  
  111  9:14  Armory  
  112  9:29  Missile Turret  
  112  9:35  Widow Mine, Armory  
  112  9:37  Supply Depot  
  116  9:38  Marauder  
  116  9:41  Marauder  
  116  9:42  Marine x3  
  87  9:56  Widow Mine  
  87  9:59  Marine  
  75  10:00  Marauder, Marine x2  
  75  10:01  Terran Vehicle Weapons Level 1  
  75  10:02  Marauder  
  75  10:04  SCV  
  75  10:05  SCV  
  80  10:08  SCV  
  81  10:16  SCV  
  81  10:17  Siege Tank, SCV, Marine  
  81  10:18  Marine  
  81  10:20  Marine, SCV  
  92  10:21  Marauder  
  92  10:22  Terran Vehicle And Ship Armor Level 1  
  92  10:23  Marine  
  93  10:28  SCV  
  93  10:29  SCV  
  93  10:33  SCV  
  93  10:35  Marine  
  96  10:36  Marine  
  96  10:40  SCV  
  96  10:41  Marauder, Missile Turret  
  96  10:42  SCV, Marine  
  103  10:45  Marine, SCV  
  103  10:49  Siege Tank  
  108  10:50  Missile Turret  
  108  10:53  SCV, Marine  
  108  10:54  SCV  
  108  10:56  Marine  
  112  10:57  SCV  
  112  10:59  Terran Infantry Weapons Level 2  
  112  11:00  Marauder  
  115  11:06  Marauder  
  115  11:10  Refinery, Orbital Command  
  117  11:15  Medivac  
  117  11:16  Refinery  
  119  11:19  Command Center  
  119  11:21  Siege Tank  
  119  11:22  Marauder  
  122  11:26  Marine  
  122  11:27  Marauder  
  122  11:28  Marine  
  122  11:29  Marine  
  122  11:32  SCV  
  99  11:33  SCV  
  99  11:35  Factory  
  82  11:43  Marauder  
  82  11:44  Marine, SCV  
  82  11:46  SCV, Marine  
  83  11:47  Marine  
  83  11:48  Marauder  
  83  11:53  Siege Tank  
  81  11:56  SCV  
  81  11:58  SCV  
  70  12:02  Marine  
  70  12:05  Marine  
  70  12:07  Marine  
  63  12:08  SCV  
  63  12:10  Marine  
  63  12:11  Marine  
  63  12:16  Command Center  
  63  12:20  Marine  
  59  12:23  Marine  
  59  12:26  Marauder  
  59  12:28  Marine, Hellion  
  64  12:43  Hellion  
  66  12:50  Siege Tank  
  66  12:51  SCV  
  70  12:53  SCV  
  71  13:03  SCV  
  71  13:05  Hellion, SCV  
  75  13:06  Marine  
  75  13:09  Marine  
  75  13:10  Marine  
  68  13:14  Marine  
  68  13:16  Marine  
  61  13:20  SCV  
  61  13:22  Hellion  
  61  13:24  Marine  
  65  13:27  Hellion  
  65  13:28  Marine  
  65  13:32  Marine  
  65  13:34  Marine  
  62  13:43  Siege Tank  
  44  14:09  Marine  
  44  14:12  Marine  
  44  14:14  Marine  
  44  14:15  Siege Tank  
  44  14:17  Marine  
  48  14:19  Marine  
  49  14:27  Marine  
Tags
 
Add a new tag
Caveats
  • Supply blocks, unpowered buildings, or Contaminate may cause inaccurate times.
  • Supply counts are checked every 10 seconds.